 Dungeon Crawl Stone Soup version 0.30-a0-168-g0b976cbdc4 (webtiles) character file.

Game seed: 3373586193739323381

11293 jlumianski the Cleaver (level 11, -13/83 HPs)
             Began as a Demonspawn Gladiator on Sept 30, 2022.
             Was a Follower of Qazlal.
             Mangled by a cyclops (24 damage)
             ... on level 11 of the Dungeon.
             The game lasted 00:51:43 (11665 turns).

jlumianski the Cleaver (Demonspawn Gladiator)      Turns: 11665, Time: 00:51:44

Health: -13/83     AC: 19    Str: 24    XL:     11   Next: 47%
Magic:  15/15      EV: 10    Int: 11    God:    Qazlal [*.....]
Gold:   401        SH:  7    Dex: 14    Spells: 10/10 levels left

rFire   + . .      SeeInvis .    R - +7 war axe (venom)
rCold   + + .      Faith    .    (no shield)
rNeg    . . .      Spirit   .    e - +3 chain mail {rC+}
rPois   .          Reflect  +    n - +2 helmet
rElec   .          Harm     .    t - scarf {rC+ rF+}
rCorr   .          Rampage  .    (gloves unavailable)
Will    .....                    (no boots)
Stlth   ..........               G - amulet of reflection
HPRegen 0.23/turn                F - +6 ring of strength
MPRegen 0.14/turn                k - +4 ring of slaying

@: no status effects
A: molten scales 2, ignite blood 1, spiny 1, demonic touch 3
a: Renounce Religion


You were on level 11 of the Dungeon.
You worshipped Qazlal.
Qazlal was aware of your devotion.
You visited 2 branches of the dungeon, and saw 12 of its levels.

You collected 663 gold pieces.
You spent 262 gold pieces at shops.

Inventory:

Hand Weapons
 R - a +7 war axe of venom (weapon)
Missiles
 d - 2 throwing nets
 w - 32 poisoned darts
 B - a javelin
 M - 3 boomerangs (quivered)
Armour
 e - a +3 chain mail of cold resistance (worn)
 n - a +2 helmet (worn)
 t - a scarf of resistance (worn)
Jewellery
 j - a ring of protection from cold
 k - a +4 ring of slaying (right hand)
 r - an amulet of regeneration
 F - a +6 ring of strength (left hand)
 G - an amulet of reflection (around neck)
 N - a +4 ring of evasion
Wands
 v - a wand of charming (5)
 y - a wand of iceblast (3)
 Q - a wand of digging (3)
Scrolls
 s - 2 scrolls of poison
 u - 4 scrolls of fear
 L - 2 scrolls of teleportation
Potions
 f - a potion of haste
 g - 5 potions of curing
 p - a potion of mutation
 q - 4 potions of might
 x - 3 potions of heal wounds
 D - a potion of attraction
 E - 2 potions of ambrosia
 H - a potion of resistance
 J - a potion of berserk rage {unknown}
 O - a potion of cancellation {unknown}
 P - a potion of flight {unknown}


   Skills:
 + Level 6.6 Fighting
 + Level 10.8 Axes
 + Level 3.0 Throwing
 + Level 6.7 Armour
 + Level 4.6 Dodging
 + Level 1.9 Stealth
 - Level 5.3 Shields
 * Level 6.0 Invocations
 * Level 4.6 Evocations


You had 10 spell levels left.
You didn't know any spells.
Your spell library contained the following spells:

 Spells                   Type           Power      Damage    Failure   Level
 Summon Small Mammal      Summ           0%         N/A       91%         1
 Call Canine Familiar     Summ           0%         N/A       100%        3
 Summon Guardian Golem    Hex/Summ       0%         N/A       100%        3
 Spellforged Servitor     Conj/Summ      0%         N/A       100%        7
 Summon Hydra             Summ           0%         N/A       100%        7


Dungeon Overview and Level Annotations

Branches:
Dungeon (11/15)            Temple (1/1) D:7            Lair (0/5) D:11
    Orc (0/2) D:9

Altars:
Ashenzari
Cheibriados
Dithmenos
Fedhas
Gozag
Hepliaklqana
Kikubaaqudgha
Makhleb
Nemelex Xobeh
Okawaru
Qazlal
Ru
Sif Muna
Trog
Uskayaw
Vehumet
Wu Jian
Xom
Yredelemnul

Shops:
D:4 [   D:8 ?


Innate Abilities, Weirdness & Mutations

You are mostly covered in molten scales. (AC +3)
Your demonic aura sometimes causes spilled blood to erupt in flames.
You are partially covered in sharp spines.
Your touch may irresistibly damage your foes and sap their willpower.


Message History

The two-headed ogre is moderately wounded.
The two-headed ogre is struck by your spines.
The two-headed ogre closely misses you.
The two-headed ogre hits you but does no damage.
You hit the two-headed ogre.
The two-headed ogre is poisoned.
The two-headed ogre is heavily wounded.
The two-headed ogre is struck by your spines.
The two-headed ogre hits you with a +0 giant club.
The two-headed ogre hits you with a +0 giant spiked club.
The cyclops throws a large rock.
The large rock hits you!
You barely miss the two-headed ogre.
The two-headed ogre is severely wounded.
You slice the two-headed ogre!!
You kill the two-headed ogre!
Qazlal accepts your kill.
You hit the boulder beetle. The boulder beetle bites you.
Your Invocations skill increases to level 6!
The boulder beetle bites you.
Things that are here:
a +0 giant club; a +0 giant spiked club; a two-headed ogre corpse You hit the boulder beetle but do no damage.
The boulder beetle is poisoned.
You block the boulder beetle's attack.
You slash the boulder beetle!
The boulder beetle looks as sick as possible!
The boulder beetle is lightly wounded.
The boulder beetle leaps!
You slash the cyclops!
The cyclops looks as sick as possible!
The cyclops is moderately wounded.
The boulder beetle curls into a ball and begins rolling!
You block the cyclops's attack.
You completely miss the cyclops.
You touch the cyclops!!
You sap its willpower!
The cyclops is severely wounded.
You slash the cyclops!
The cyclops looks as sick as possible!
The cyclops is almost dead.
The cyclops hits you!!
* * * LOW HITPOINT WARNING * * *
You hit the cyclops.
The cyclops is almost dead.
The cyclops hits you!!
You die...

##### #### ###
#......... ##>#
#.#.#.#.# #.[# #.......
#.## #.#.#.# ######.#
#..... .......#
#.#○#.#.#. .......#
######)@C......
.......###....).#B#.#.#.
.......'...####.○......
.).....##### #°#.#.#.#
<......# #°......
.......# #°#.#.#.#
.......# #........#
.......# #.......$#
.......# ### ###+#


You could see a boulder beetle (rolling, very poisoned) and a cyclops (extremely
poisoned, weak-willed).

Vanquished Creatures
  Gastronok (D:9)
  A boulder beetle (D:9)
  3 two-headed ogres
  Nergalle (D:10)
  Pikel (D:3)
  3 ugly things
  2 manticores (D:9)
  Sigmund (D:4)
  2 vampires
  6 yaks (D:6)
  Eustachio (D:4)
  2 acid dragons (D:10)
  3 water moccasins
  2 ice beasts
  2 ogres
  A black bear (D:6)
  2 lemures (D:3)
  3 centaurs
  3 kobold brigands
  4 scorpions
  2 bullfrogs (D:7)
  2 necrophages (D:5)
  5 killer bees (D:9)
  9 wights (D:8)
  A vampire bat (D:9)
  3 howler monkeys
  An orc priest (D:3)
  A gnoll bouda (D:3)
  4 hounds
  3 jellies
  6 orc wizards
  Terence (D:3)
  6 iguanas
  Robin (D:1)
  8 adders
  5 gnolls
  A shadow imp (D:7)
  A white imp (D:6)
  2 worms (D:2)
  4 dart slugs
  23 orcs
  7 bats
  13 endoplasms
  3 giant cockroaches
  7 hobgoblins
  8 jackals
  7 quokkas
  8 ball pythons
  3 frilled lizards
  17 goblins
  15 kobolds
  5 rats
226 creatures vanquished.

Vanquished Creatures (others)
  A goblin (D:4)
  A kobold (D:8)
2 creatures vanquished.

Grand Total: 228 creatures vanquished

Notes
Turn   | Place    | Note
-------+----------+-------------------------------------------
     0 | D:1      | jlumianski the Demonspawn Gladiator began the quest for the
                  | Orb.
     0 | D:1      | Reached XP level 1. HP: 16/16 MP: 1/1
    91 | D:2      | Gained mutation: Your touch may inflict minor irresistible
                  | damage on your foes. [demonic ancestry]
    91 | D:2      | Reached XP level 2. HP: 17/22 MP: 2/2
   515 | D:1      | Found a faded altar of an unknown god.
  1042 | D:1      | Reached skill level 3 in Axes
  1130 | D:1      | Gained mutation: You are partially covered in molten
                  | scales. (AC +2) [demonic ancestry]
  1130 | D:1      | Reached XP level 3. HP: 27/27 MP: 3/3
  1740 | D:2      | Noticed Robin
  2037 | D:1      | Killed Robin
  2038 | D:1      | Reached skill level 1 in Armour
  2038 | D:1      | Gained mutation: Your demonic aura sometimes causes spilled
                  | blood to erupt in flames. [demonic ancestry]
  2038 | D:1      | Reached XP level 4. HP: 23/34 MP: 4/4
  2199 | D:3      | Noticed Terence
  2216 | D:3      | Killed Terence
  2375 | D:2      | Reached XP level 5. HP: 25/33 MP: 5/5
  2949 | D:3      | Reached skill level 4 in Axes
  3003 | D:3      | Reached skill level 1 in Shields
  3130 | D:4      | Noticed Sigmund
  3398 | D:3      | Gained mutation: Your touch may inflict irresistible damage
                  | on your foes. [demonic ancestry]
  3398 | D:3      | Reached XP level 6. HP: 46/46 MP: 6/6
  4310 | D:4      | Found Ojya's Antique Armour Shoppe.
  4324 | D:4      | Reached skill level 5 in Axes
  4330 | D:4      | Killed Sigmund
  4331 | D:4      | Reached XP level 7. HP: 46/52 MP: 7/7
  4352 | D:4      | Bought a runed chain mail for 165 gold pieces
  4987 | D:5      | Entered Level 5 of the Dungeon
  5073 | D:4      | Noticed Pikel
  5753 | D:3      | Killed Pikel
  5754 | D:3      | Reached skill level 6 in Axes
  5754 | D:3      | Reached XP level 8. HP: 53/60 MP: 8/8
  6000 | D:4      | Noticed Eustachio
  6014 | D:4      | Killed Eustachio
  6294 | D:6      | Reached skill level 7 in Axes
  6379 | D:6      | Gained mutation: You are mostly covered in molten scales.
                  | (AC +3) [demonic ancestry]
  6379 | D:6      | Reached XP level 9. HP: 38/66 MP: 9/9
  6428 | D:6      | Reached skill level 5 in Armour
  6435 | D:6      | Reached skill level 8 in Axes
  6729 | D:5      | Found a bloodstained altar of Trog.
  6757 | D:5      | You fall into a shaft and drop 2 floors!
  6777 | D:7      | Reached skill level 5 in Fighting
  7937 | D:7      | Reached skill level 1 in Stealth
  7944 | D:7      | Found a sparkling altar of Nemelex Xobeh.
  7963 | D:7      | Reached skill level 9 in Axes
  8029 | D:7      | Found a staircase to the Ecumenical Temple.
  8039 | Temple   | Entered the Ecumenical Temple
  8166 | Temple   | Became a worshipper of Qazlal Stormbringer
  8857 | D:8      | Reached skill level 1 in Evocations
  8857 | D:8      | Gained mutation: You are partially covered in sharp spines.
                  | [demonic ancestry]
  8857 | D:8      | Reached XP level 10. HP: 71/74 MP: 10/10
  8911 | D:8      | Reached skill level 1 in Invocations
  9010 | D:9      | Noticed a boulder beetle
  9079 | D:8      | Found a snail-covered altar of Cheibriados.
  9322 | D:8      | Found Ihirary's Magic Scroll Emporium.
  9330 | D:8      | Bought a scroll of enchant weapon for 97 gold pieces
  9780 | D:9      | Killed a boulder beetle
  9800 | D:9      | Reached * piety under Qazlal
  9956 | D:9      | Noticed a cyan ugly thing
  9957 | D:9      | Noticed a manticore
  9973 | D:8      | Killed a cyan ugly thing
  9974 | D:8      | Reached skill level 5 in Shields
 10082 | D:9      | Noticed Gastronok
 10096 | D:9      | Killed Gastronok
 10097 | D:9      | Reached skill level 10 in Axes
 10323 | D:9      | Noticed a green ugly thing
 10329 | D:9      | Killed a green ugly thing
 10346 | D:9      | Killed a manticore
 10492 | D:9      | Noticed a red ugly thing
 10501 | D:9      | Killed a red ugly thing
 10502 | D:9      | Gained mutation: Your touch may irresistibly damage your
                  | foes and sap their willpower. [demonic ancestry]
 10502 | D:9      | Reached XP level 11. HP: 81/81 MP: 14/14
 10548 | D:10     | Entered Level 10 of the Dungeon
 10842 | D:9      | Found a sacrificial altar of Ru.
 10891 | D:9      | Found a staircase to the Orcish Mines.
 10973 | D:9      | Found an iron altar of Okawaru.
 11255 | D:10     | Reached skill level 5 in Invocations
 11311 | D:10     | Noticed a two-headed ogre
 11313 | D:10     | Killed a two-headed ogre
 11359 | D:10     | Noticed Nergalle
 11366 | D:10     | Noticed a spectral orc warlord
 11368 | D:10     | Killed Nergalle
 11529 | D:11     | Noticed a two-headed ogre
 11542 | D:11     | Killed a two-headed ogre
 11567 | D:11     | Found a staircase to the Lair.
 11573 | D:11     | Got the Commentary on the Gathering
 11645 | D:11     | Noticed a two-headed ogre
 11653 | D:11     | Noticed a boulder beetle
 11657 | D:11     | Killed a two-headed ogre
 11665 | D:11     | Mangled by a cyclops

Illustrated notes

Levels and vault maps discovered:
D:1:      eino_arrival_tree_alley, layout_loops_corners,
          chequers_ecumenical_altar_island
D:2:      layout_rooms, hangedman_abyss_or_decor_lesser_grid, minmay_between,
          uniq_robin
D:3:      layout_basic, uniq_terence
D:4:      layout_basic, serial_shops, shop, chequers_serial_rivers_micro_d,
          uniq_eustachio, uniq_sigmund, uniq_pikel
D:5:      layout_cave_pools, amcnicky_altar_gilded
D:6:      layout_basic, hangedman_decor_diamond_cutter
D:7:      layout_loops_ring, nemelex_diamond_rough_becter,
          minmay_temple_entry_nine_rooms, enter_bailey_8
D:8:      layout_basic, lemuel_doored_altar, serial_shops,
          nicolae_shop_waterfront, minmay_misc_feat_five, skrybe_limestone_x
D:9:      minmay_diamond_stairs, layout_rooms, marbit_many_paths,
          kennysheep_little_box, roderic_batcave, uniq_gastronok
D:10:     layout_basic, uniq_maggie, uniq_nergalle
D:11:     layout_roguey, lair_entry_dummy, gauntlet_entry_generic, st_stairs_10,
          uniq_grum
Temple:   bh_familiar_temple

Skill      XL: |  1  2  3  4  5  6  7  8  9 10 11 |
---------------+----------------------------------+-----
Dodging        | 3 4 |  4.6
Throwing       | 2 3 |  3.0
Axes           | 3 4 5 6 7 9 10 | 10.8
Armour         | 1 2 3 4 5 6 |  6.7
Shields        | 1 2 3 4 5 |  5.3
Fighting       | 3 4 5 6 |  6.6
Stealth        | 1 |  1.9
Evocations     | 1 3 4 |  4.6
Invocations    | 4 6 |  6.0

Action                   |  1- 3 |  4- 6 |  7- 9 | 10-12 || total
-------------------------+-------+-------+-------+-------++-------
Melee: War axe           |   104 |   149 |   234 |   125 ||   612
       Touch             |    13 |       |       |     8 ||    21
Throw: Dart              |       |     4 |     6 |       ||    10
       Javelin           |       |     2 |     4 |     2 ||     8
       Throwing net      |       |     2 |       |       ||     2
       Boomerang         |       |       |       |     1 ||     1
Evoke: Wand              |       |       |       |     1 ||     1
  Use: Scroll            |       |     8 |     9 |    11 ||    28
       Potion            |       |     3 |     1 |       ||     4
 Stab: Sleeping          |     1 |       |       |       ||     1
Armor: Leather armour    |    12 |       |       |       ||    12
       Scale mail        |    45 |    12 |       |       ||    57
       Plate armour      |       |    85 |       |       ||    85
       Chain mail        |       |       |   148 |    80 ||   228
Dodge: Dodged            |    84 |    30 |    61 |    42 ||   217
Block: Kite shield       |    33 |    45 |   124 |    66 ||   268
       Reflection        |       |       |       |     6 ||     6
       Other             |       |       |       |     9 ||     9

Table legend: (Time is in decaauts)
 A = Elapsed time spent in this place.
 B = Non-inter-level travel time spent in this place.
 C = Inter-level travel time spent in this place.
 D = Time resting spent in this place.
 E = Time spent auto-exploring this place.
 F = Levels seen in this place.
 G = Mean time per level.
                   A        B        C        D        E       F      G
               +--------+--------+--------+--------+--------+-----+--------+
         Total |  11899 |  11676 |    223 |   2115 |   5850 |  12 |  991.6 |
       Dungeon |  11747 |  11524 |    223 |   2115 |   5734 |  11 | 1067.9 |
        Temple |    152 |    152 |      0 |      0 |    116 |   1 |  152.0 |
               +--------+--------+--------+--------+--------+-----+--------+

Top non-repeatable levels by time:
     D:3: 2163 daAuts
     D:1: 1780 daAuts
     D:9: 1394 daAuts
     D:4: 1242 daAuts
     D:8: 1210 daAuts
     D:2: 1067 daAuts
     D:6: 959 daAuts
     D:7: 818 daAuts
     D:5: 686 daAuts
    D:10: 294 daAuts
  Temple: 152 daAuts
    D:11: 129 daAuts
